 Dungeon Crawl Stone Soup version 0.30.0-16-gbe6223bb7e (webtiles) character file.

Game seed: 7360709444189291541

61 NateTC the Chopper (level 4, 0/39 HPs)
             Began as a Hill Orc Fighter on May 20, 2023.
             Slain by a gnoll
             ... wielding a +0 whip
              (3 damage)
             ... on level 3 of the Dungeon.
             The game lasted 00:03:17 (952 turns).

NateTC the Chopper (Hill Orc Fighter)                Turns: 952, Time: 00:03:18

Health: 0/39       AC:  6    Str: 20    XL:     4   Next: 7%
Magic:  4/4        EV:  9    Int:  8    God:
Gold:   64         SH:  4    Dex: 10    Spells: 3/3 levels left

rFire   . . .        a - +0 war axe
rCold   . . .        c - +0 buckler
rNeg    . . .        b - +0 scale mail
rPois   .            (no helmet)
rElec   .            (no cloak)
rCorr   .            (no gloves)
SInv    .            (no boots)
Will    .....        f - amulet of the acrobat Stlth
                     (no ring)
HPRegen 0.26/turn    (no ring)
MPRegen 0.09/turn

%: acrobat
@: no status effects
A: no striking features
a: no special abilities


You were on level 3 of the Dungeon.
You visited 1 branch of the dungeon, and saw 3 of its levels.

You collected 64 gold pieces.

Inventory:

Hand Weapons
 a - a +0 war axe (weapon)
Armour
 b - a +0 scale mail (worn)
 c - a +0 buckler (worn)
 g - a +0 pair of gloves
Jewellery
 f - an amulet of the acrobat (around neck)
Potions
 d - a potion of might
 e - a potion of haste {unknown}


   Skills:
 - Level 3.6 Fighting
 * Level 5.6 Axes
 - Level 3.2 Armour
 - Level 3.2 Shields


You had 3 spell levels left.
You didn't know any spells.
Your spell library contained the following spells:

 Spells                   Type           Power      Damage    Failure   Level
 Shock                    Conj/Air       0%         1d3       83%         1
 Scorch                   Fire           0%         2d5       93%         2
 Swiftness                Air            0%         N/A       99%         3
 Airstrike                Air            0%         2d(0-16)  100%        4
 Flame Wave               Conj/Fire      0%         2d4       100%        4
 Summon Cactus Giant      Summ           0%         N/A       100%        6


Dungeon Overview and Level Annotations

Branches:
Dungeon (2/15) Zot: 17016

Altars:


Message History

You kill the kobold!
An adder comes into view.
Nothing quivered!
An adder is nearby!
An adder is nearby!
A sourceless malevolence fills the Dungeon...
You fall into a shaft and drop 1 floor!
The shaft crumbles and collapses.
Found a pair of gloves.
A gnoll comes into view. It is wielding a +0 halberd.
The gnoll shouts!
You hear a shout!
A gnoll comes into view. It is wielding a +0 halberd.
The gnoll shouts!
You hear a shout!
A gnoll comes into view. It is wielding a +0 whip.
A gnoll comes into view. It is wielding a +0 club.
You see here a +0 pair of gloves.
g - a +0 pair of gloves
Found a scroll labelled GUKOBY JYER.
Found a hand axe.
The gnoll misses you.
You slash the gnoll!
The gnoll is almost dead.
The gnoll hits you from afar with a +0 halberd!
The gnoll hits you with a +0 halberd.
You slash the gnoll!
You kill the gnoll!
The gnoll throws a throwing net.
The throwing net hits you.
You become entangled in the net!
You have reached level 4!
You tear a large gash into the net.
The gnoll hits you from afar with a +0 halberd.
The gnoll hits you but does no damage.
You shred the net and break free!
The gnoll hits you from afar with a +0 halberd!
You block the gnoll's attack.
You barely miss the gnoll.
The gnoll hits you from afar with a +0 halberd!
* * * LOW HITPOINT WARNING * * *
The gnoll hits you with a +0 whip.
You die...

.... ######.#####
....##..........#
g.g.............#
..g.............#####
#...............
#..........##...
#g..##..####
#g####....# #@#
#.##... #.# ..# ##.#
#..# #.## # ...## #.
....# ...... ....?.
..... ..)..


You could see 2 gnolls.

Vanquished Creatures
  A gnoll (D:3)
  2 dart slugs (D:1)
  3 ball pythons
  3 endoplasms
  3 giant cockroaches (D:1)
  5 goblins
  A hobgoblin (D:1)
  8 jackals
  2 kobolds
  A quokka (D:1)
  5 bats (D:1)
  3 frilled lizards (D:1)
  7 rats
44 creatures vanquished.

Notes
Turn   | Place    | Note
-------+----------+-------------------------------------------
     0 | D:1      | NateTC the Hill Orc Fighter began the quest for the Orb.
     0 | D:1      | Reached XP level 1. HP: 19/19 MP: 1/1
    18 | D:1      | Reached skill level 3 in Axes
    35 | D:1      | Reached XP level 2. HP: 26/26 MP: 2/2
    69 | D:1      | Reached skill level 4 in Axes
   163 | D:1      | Reached XP level 3. HP: 29/31 MP: 3/3
   520 | D:1      | Reached skill level 5 in Axes
   934 | D:2      | You fall into a shaft and drop 1 floor!
   950 | D:3      | Reached XP level 4. HP: 23/39 MP: 4/4
   952 | D:3      | Slain by a gnoll

Illustrated notes

Levels and vault maps discovered:
D:1:      lightli_arrival_flooded_house, layout_loops_ring
D:2:      layout_rooms, uniq_sigmund, uniq_crazy_yiuf_cottage
D:3:      layout_rooms, uniq_terence

Skill      XL: |  1  2  3 |
---------------+----------+-----
Axes           | 3 4 5 |  5.6
Fighting       | |  3.6
Armour         | |  3.2
Shields        | |  3.2

Action                     |  1- 3 |  4- 6 || total
---------------------------+-------+-------++-------
  Melee: War axe           |   102 |     1 ||   103
    Use: Scroll            |     1 |       ||     1
 Armour: Scale mail        |    63 |     1 ||    64
  Dodge: Dodged            |    77 |       ||    77
  Block: Buckler           |    27 |     1 ||    28
